cohdb
Replays
Latest Replays
All Replays
Popular Replays
Top Player Replays
Match Explorer
How It Works
Community
CoH3 Stats
Reddit
Sign in to upload your games and track your stats! →
Sign in with Steam
Match 46061803
Unlisted
Match 46061803
Overview
Messages
Build Orders
End
Construct Infanterie Kompanie
Pioneer Squad
Selects Breakthrough Battlegroup
Selects Assault Grenadiers
Grenadier Squad
Grenadier Squad
MG 42 Machine Gun Team
Medical Station
Selects Rapid Production
Construct Luftwaffe Kompanie
Jäger Squad
221 Scout Car
Jäger Squad
Selects Breakthrough
Mr. Bepsi
Ninja V
ajmonsterman
Steven
0
0
Comments
sign in to comment!
No comments posted yet!